 Dungeon Crawl Stone Soup version 0.28-a0-511-gcc94558de3 (webtiles) character file.

Game seed: 13587792260399003379

776 Woods the Cudgeller (level 7, 0/56 HPs)
             Began as a Demonspawn Chaos Knight on Sept 21, 2021.
             Was a Plaything of Xom.
             Succumbed to a two-headed ogre's poison
             ... on level 5 of the Dungeon.
             The game lasted 00:08:43 (5146 turns).

Woods the Cudgeller (Demonspawn Chaos Knight)       Turns: 5146, Time: 00:08:44

Health: 0/56       AC: 10    Str: 14    XL:     7   Next: 54%
Magic:  7/7        EV: 10    Int: 14    God:    Xom [....*.]
Gold:   216        SH:  0    Dex: 12    Spells: 6/6 levels left

rFire   . . .      SeeInvis .   a - +0 mace (chaos)
rCold   + . .      Faith    .   (no shield)
rNeg    . . .      Spirit   .   c - +0 ring mail
rPois   .          Reflect  .   s - +0 helmet
rElec   .          Harm     .   d - +0 cloak
rCorr   .          Rampage  .   (no gloves)
Will    .....                   p - +0 pair of boots
Stlth   +.........              (no amulet)
HPRegen 0.18/turn               l - ring of protection from cold
MPRegen 0.10/turn               m - ring of flight

@: lethally poisoned (0 -> -28), flying
A: talons 2, icy blue scales 1, spiny 2
a: Renounce Religion


You were on level 5 of the Dungeon.
You worshipped Xom.
You were a beloved toy of Xom.
You visited 1 branch of the dungeon, and saw 5 of its levels.

You collected 313 gold pieces.
You spent 97 gold pieces at shops.

Inventory:

Hand Weapons
 a - a +0 mace of chaos (weapon)
Armour
 c - a +0 ring mail (worn)
 d - a +0 cloak (worn)
 g - a +0 kite shield
 p - a +0 pair of boots (worn)
 r - the +3 hat of Pondering {ponderous, Will+ MP+10 Int+5}
   (You found it on level 4 of the Dungeon)

   Int:       It affects your intelligence (+5).
   MP:        It affects your magic capacity (+10).
   Will:      It increases your willpower.
 s - a +0 helmet (worn)
Magical Staves
 t - a staff of air
Jewellery
 l - a ring of protection from cold (left hand)
 m - a ring of flight (right hand)
 w - a ring of positive energy
 x - a ring of wizardry
Scrolls
 b - 2 scrolls of noise {unknown}
 e - 2 scrolls of magic mapping {unknown}
 h - a scroll of acquirement {unknown}
 i - 3 scrolls of identify {unknown}
 j - a scroll of holy word {unknown}
 o - 2 scrolls of teleportation {unknown}
 u - 2 scrolls of vulnerability {unknown}
 v - a scroll of blinking
 y - a scroll of torment {unknown}
Potions
 f - a potion of cancellation {unknown}
 k - a potion of lignification {unknown}
 n - a potion of flight {unknown}
 q - a potion of berserk rage {unknown}
 z - a potion of haste {unknown}
 A - a potion of magic {unknown}


   Skills:
 + Level 5.6 Fighting
 * Level 6.9 Maces & Flails
 - Level 1.7 Armour
 - Level 0.8 Dodging


You had 6 spell levels left.
You didn't know any spells.
Your spell library contained the following spells:

 Spells                   Type           Power      Damage    Failure   Level
 Animate Skeleton         Necr           0%         N/A       50%         1
 Pain                     Necr           0%         1d4       50%         1
 Ensorcelled Hibernation  Hex/Ice        0%         N/A       65%         2
 Spider Form              Tmut/Pois      0%         N/A       86%         3
 Vampiric Draining        Necr           0%         2d6       86%         3


Dungeon Overview and Level Annotations

Branches:
Dungeon (5/15)
 Temple: D:4-7

Altars:
Hepliaklqana
Uskayaw
Xom

Shops:
D:5 [?[=

Annotations:
D:3 Sigmund


Innate Abilities, Weirdness & Mutations

You have razor-sharp toenails.
You are partially covered in icy blue scales. (AC +2)
You are mostly covered in sharp spines.


Message History

Found an escape hatch in the ceiling.
A - a murky amethyst potion You now have enough gold to buy a +2 cloak on this level.
You can access your shopping list by pressing '$'.
You now have 192 gold pieces (gained 17).
Found a falchion.
A two-headed ogre is nearby!
Found 12 gold pieces.
A bullfrog skeleton comes into view.
You thump the bullfrog skeleton!
The bullfrog skeleton is moderately damaged.
The bullfrog skeleton hits you but does no damage.
You sock the bullfrog skeleton!
The bullfrog skeleton appears confused.
The bullfrog skeleton is severely damaged.
The bullfrog skeleton hits you but does no damage.
You thump the bullfrog skeleton!
You destroy the bullfrog skeleton!
Found a scroll labelled SETWAY IGHEWOMM.
You now have 204 gold pieces (gained 12).
y - a scroll labelled SETWAY IGHEWOMM You now have 216 gold pieces (gained 12).
The two-headed ogre shouts in stereo!
You hit the two-headed ogre. You burn the two-headed ogre.
The two-headed ogre is lightly wounded.
The two-headed ogre barely misses you. The two-headed ogre misses you.
You barely miss the two-headed ogre.
The two-headed ogre is lightly wounded.
The two-headed ogre is struck by your spines.
The two-headed ogre hits you with a +0 giant spiked club of chaos!!
Ouch! That really hurt!
You are lethally poisoned!
The two-headed ogre misses you.
* * * LOW HITPOINT WARNING * * *
You feel extremely sick.
* * * LOW HITPOINT WARNING * * *
You feel extremely sick.
Blink to where?
Press: ? - help, Dir - move target
As you read the scroll of blinking, it crumbles to dust.
You die...
Xom giggles madly!

####.....#.####..................
.......∩.#........#..............
...............#.##..............
...#.#.#.........................
..##...#.#......................#
.....#.#.#.......................
###...........>..................
#..............................
#####....O......@....#.....).....
........##§..........#<..........
####................##.#.........
............#.......##..#......##
....................###.##.##.##
........................##....###
......(.##........###............
...###).##..#....................
........##..#####........##......


You could see a two-headed ogre.

Vanquished Creatures
  A steam dragon (D:4)
  An ice beast (D:4)
  A necrophage (D:4)
  A phantom (D:5)
  A scorpion (D:5)
  A centaur zombie (D:5)
  2 centaur skeletons
  A bullfrog skeleton (D:5)
  Terence (D:2)
  A hound skeleton (D:4)
  4 gnolls (D:4)
  5 adders
  3 white imps (D:5)
  An ufetubus (D:4)
  5 dart slugs
  An orc (D:3)
  3 ball pythons
  6 bats
  2 endoplasms
  4 giant cockroaches
  5 goblins
  8 hobgoblins
  5 quokkas
  4 frilled lizards
  5 kobolds
  9 rats
81 creatures vanquished.

Notes
Turn   | Place    | Note
-------+----------+-------------------------------------------
     0 | D:1      | Woods the Demonspawn Chaos Knight began the quest for the
                  | Orb.
     0 | D:1      | Reached XP level 1. HP: 18/18 MP: 1/1
   133 | D:1      | XOM: divination: detect creatures
   170 | D:1      | Reached skill level 3 in Maces & Flails
   279 | D:1      | Gained mutation: You are partially covered in icy blue
                  | scales. (AC +2) [demonic ancestry]
   279 | D:1      | Reached XP level 2. HP: 24/24 MP: 2/2
   303 | D:1      | XOM: silly message
   497 | D:1      | XOM: divination: detect items
   608 | D:1      | XOM: divination: detect creatures
  1043 | D:1      | Gained mutation: You are partially covered in sharp spines.
                  | [demonic ancestry]
  1043 | D:1      | Reached XP level 3. HP: 24/29 MP: 3/3
  1239 | D:1      | XOM: silly message
  1401 | D:2      | Found a faded altar of an unknown god.
  1937 | D:2      | Noticed Terence
  1944 | D:2      | XOM: potion effect (might)
  1951 | D:2      | XOM: cast spell 'Dispersal'
  1961 | D:2      | Killed Terence
  1962 | D:2      | Reached skill level 4 in Maces & Flails
  1962 | D:2      | Reached XP level 4. HP: 28/37 MP: 4/4
  2104 | D:2      | XOM: silly message
  2315 | D:3      | XOM: silly message
  2490 | D:3      | XOM: silly message
  2533 | D:3      | Found a shimmering altar of Xom.
  2534 | D:3      | Found a hazy altar of Hepliaklqana.
  2535 | D:3      | Noticed a spectral ugly thing
  2696 | D:3      | Noticed Sigmund
  2696 | D:3      | XOM: silly message
  2713 | D:3      | XOM: potion effect (might)
  3109 | D:4      | Found the +3 hat of Pondering {ponderous, Will+ MP+10
                  | Int+5}
  3114 | D:4      | XOM: cast spell 'Leda's Liquefaction'
  3115 | D:4      | Gained mutation: You are mostly covered in sharp spines.
                  | [demonic ancestry]
  3115 | D:4      | Reached XP level 5. HP: 42/42 MP: 5/5
  3243 | D:4      | Noticed a steam dragon
  3391 | D:4      | Reached skill level 5 in Maces & Flails
  3486 | D:4      | Found a hide-covered altar of Uskayaw.
  3579 | D:4      | XOM: 7-stop teleportation journey
  3623 | D:4      | XOM: summons 4 hostile shadow creatures
  3642 | D:4      | XOM: god gift: staff of air
  3720 | D:4      | Noticed a necrophage
  3730 | D:4      | Killed a necrophage
  3731 | D:4      | Gained mutation: You have sharp toenails. [demonic
                  | ancestry]
  3731 | D:4      | Reached XP level 6. HP: 36/49 MP: 6/6
  3939 | D:4      | XOM: butterfly on damage
  3947 | D:4      | HP: 1/49 [steam dragon/ball of steam (10)]
  3947 | D:4      | Killed a steam dragon
  4279 | D:5      | Entered Level 5 of the Dungeon
  4281 | D:5      | Noticed an ice beast
  4291 | D:4      | XOM: confuse monster(s)
  4299 | D:4      | Killed an ice beast
  4300 | D:4      | Reached skill level 5 in Fighting
  4300 | D:4      | Reached skill level 6 in Maces & Flails
  4300 | D:4      | Gained mutation: You have razor-sharp toenails. [demonic
                  | ancestry]
  4300 | D:4      | Reached XP level 7. HP: 49/56 MP: 7/7
  4387 | D:5      | XOM: 1-stop teleportation journey
  4452 | D:5      | Found Seceu's Armour Shoppe.
  4462 | D:5      | Found Saah's Magic Scroll Shoppe.
  4471 | D:5      | Bought a scroll of blinking for 97 gold pieces
  4552 | D:5      | Noticed a two-headed ogre
  4554 | D:5      | Found Tuypn's Jewellery Emporium.
  4852 | D:5      | Found Kigh's Antique Armour Shoppe.
  4938 | D:5      | XOM: 2-stop teleportation journey
  4968 | D:5      | XOM: chaos upgrade
  5146 | D:5      | Succumbed to a two-headed ogre's poison

Illustrated notes

Levels and vault maps discovered:
D:1:      amcnicky_arrival_flooded_fountain, layout_basic
D:2:      layout_basic, shapermc_ecumenical_altar_flowoftime, uniq_terence
D:3:      layout_loops_ring, regret_index_temple_of_mockery,
          minmay_tree_intersection, uniq_sigmund
D:4:      layout_basic, mainiacjoe_overflow_alcove_1
D:5:      layout_rooms, serial_shops, shop, shop, nicolae_take_the_stairs, shop

Skill      XL: |  1  2  3  4  5  6 |
---------------+-------------------+-----
Maces & Flails | 3 4 5 6 |  6.9
Fighting       | 4 5 |  5.6
Armour         | |  1.7
Dodging        | |  0.8

Action                   |  1- 3 |  4- 6 |  7- 9 || total
-------------------------+-------+-------+-------++-------
Melee: Mace              |    95 |    81 |    36 ||   212
  Use: Scroll            |       |       |     1 ||     1
 Stab: Confused          |     1 |     1 |       ||     2
       Paralysed         |       |     1 |       ||     1
Armor: Ring mail         |    62 |    46 |    24 ||   132
Dodge: Dodged            |    65 |    48 |    30 ||   143

Table legend: (Time is in decaauts)
 A = Elapsed time spent in this place.
 B = Non-inter-level travel time spent in this place.
 C = Inter-level travel time spent in this place.
 D = Time resting spent in this place.
 E = Time spent auto-exploring this place.
 F = Levels seen in this place.
 G = Mean time per level.
                   A        B        C        D        E       F      G
               +--------+--------+--------+--------+--------+-----+--------+
         Total |   5188 |   4817 |    371 |    703 |   3131 |   5 | 1037.6 |
       Dungeon |   5188 |   4817 |    371 |    703 |   3131 |   5 | 1037.6 |
               +--------+--------+--------+--------+--------+-----+--------+

Top non-repeatable levels by time:
     D:4: 1387 daAuts
     D:1: 1352 daAuts
     D:2: 1003 daAuts
     D:3: 915 daAuts
     D:5: 529 daAuts
